 Dungeon Crawl Stone Soup version 0.31.0-11-ge490571c62 (webtiles) character file.

Game seed: 1521788937885141629

8858 iamserjio the Cleaver (level 11, 10/97 HPs)
             Began as a Minotaur Monk on Jan 29, 2024.
             Was a Believer of Ru.
             Quit the game on level 10 of the Dungeon.
             The game lasted 00:11:35 (8319 turns).

iamserjio the Cleaver (Minotaur Monk)               Turns: 8319, Time: 00:11:36

Health: 10/97      AC: 10    Str: 20    XL:     11   Next: 15%
Magic:  10/10      EV: 18    Int:  7    God:    Ru [**....]
Gold:   518        SH:  0    Dex: 13    Spells: 10/10 levels left

rFire   . . .        l - +3 war axe (freeze)
rCold   . . .        d - orb {light}
rNeg    . . .        o - +1 scale mail {Will+}
rPois   .            (helmet restricted)
rElec   .            S - +0 cloak
rCorr   .            (no gloves)
SInv    .            (no boots)
Will    ++...        (no amulet) Stlth
                     t - +5 ring of evasion
HPRegen 0.36/turn    L - ring of willpower
MPRegen 0.12/turn

%: no passive effects
@: glowing
A: horns 2, no fire magic, no necromancy magic, no alchemy magic, unskilled 1,
retaliatory headbutt, no forms
a: Renounce Religion


You were on level 10 of the Dungeon.
You worshipped Ru.
Ru was pleased with you.
You visited 3 branches of the dungeon, and saw 12 of its levels.
You also visited: Ossuary.

You collected 518 gold pieces.

Inventory:

Hand Weapons
 b - a +2 battleaxe of freezing
 l - a +3 war axe of freezing (weapon)
 q - the +4 hand axe of Corporal Punishment {heavy, rElec rN+++ Str+3 Stlth-}
   (You found it on level 2 of the Dungeon)

   Str+3:     It affects your strength (+3).
   rElec:     It insulates you from electricity.
   rN+++:     It renders you almost immune to negative energy.
   Stlth-:    It makes you less stealthy.
 u - a +0 battleaxe
 I - a +1 whip of electrocution
 O - a +2 trident
 U - a +0 war axe
 W - a +1 morningstar
Missiles
 k - 47 poisoned darts
 Q - 10 boomerangs
Armour
 d - an orb of light (worn)
 o - a +1 scale mail of willpower (worn)
 J - a +2 robe of cold resistance
 S - a +0 cloak (worn)
 T - a +0 plate armour
Jewellery
 t - a +5 ring of evasion (left hand)
 L - a ring of willpower (right hand)
 P - a ring of magical power
Talismans
 e - a beast talisman
Wands
 s - a wand of quicksilver (17)
 F - a wand of polymorph (16)
 G - a wand of flame (39)
 H - a wand of iceblast (12) (quivered) {@v2}
 M - a wand of mindburst (23)
Scrolls
 g - 7 scrolls of identify {unknown}
 j - 2 scrolls of fog {unknown}
 m - 3 scrolls of enchant armour {unknown}
 n - 8 scrolls of teleportation {unknown}
 x - 2 scrolls of vulnerability {unknown}
 y - 2 scrolls of blinking {unknown}
 z - a scroll of immolation {unknown}
 A - a scroll of poison {unknown}
 B - 2 scrolls of enchant weapon {unknown}
 E - 5 scrolls of revelation {unknown}
 K - a scroll of silence {unknown}
 R - a scroll of noise {unknown}
 V - a scroll of summoning {unknown}
 X - a scroll of acquirement {unknown}
 Y - a scroll of brand weapon {unknown}
 Z - a scroll of fear {unknown}
Potions
 a - 3 potions of attraction {unknown}
 c - a potion of ambrosia
 f - 3 potions of enlightenment {unknown}
 h - 2 potions of magic {unknown}
 i - 9 potions of mutation {unknown}
 p - 8 potions of curing {unknown}
 r - 3 potions of berserk rage {unknown}
 v - 2 potions of brilliance {unknown}
 w - 3 potions of lignification {unknown}
 C - a potion of degeneration {unknown}
 D - a potion of might {unknown}
 N - a potion of resistance {unknown}


   Skills:
 + Level 9.4 Fighting
 * Level 12.8 Axes
 + Level 8.5 Armour
 - Level 7.8 Dodging


You had 10 spell levels left.
You didn't know any spells.
Your spell library contained the following spells:

 Spells                   Type           Power      Damage    Failure   Level
 Summon Ice Beast         Ice/Summ       0%         N/A       98%         3
 Tukima's Dance           Hex            0%         N/A       98%         3
 Dimensional Bullseye     Hex/Tloc       0%         N/A       100%        4
 Iskenderun's Mystic Bla  Conj/Tloc      0%         2d3       100%        4
 Iskenderun's Battlesphe  Conj           0%         2d6       100%        5
 Lee's Rapid Deconstruct  Erth           0%         3d4*      100%        5
 Summon Mana Viper        Hex/Summ       0%         N/A       100%        5
 Bombard                  Conj/Erth      0%         9d1       100%        6
 Monstrous Menagerie      Summ           0%         N/A       100%        7
 Spellforged Servitor     Conj/Summ      0%         N/A       100%        7
 Leda's Liquefaction      Alch/Erth      Unusable   N/A       N/A         4

Dungeon Overview and Level Annotations

Branches:
Dungeon (10/15) Zot: 26592  Temple (1/1) D:7 Zot: 5938    Lair (1/5) D:9 Zot: 5998
Ossuary (visited)
    Orc: D:9-12

Altars:
Ashenzari
Cheibriados
Dithmenos
Elyvilon
Fedhas
Gozag
Hepliaklqana
Kikubaaqudgha
Makhleb
Nemelex Xobeh
Okawaru
Qazlal
Ru
Sif Muna
Trog
Uskayaw
Vehumet
Wu Jian
Xom
Yredelemnul
Zin
The Shining One

Shops:
D:10 =

Annotations:
D:3 2 transporters, Raspi's ghost, amateur HOFi
D:5 exclusion: 3 doors
D:10 Lodul


Innate Abilities, Weirdness & Mutations

You have a pair of horns on your head.
You cannot study or cast Fire magic.
You cannot study or cast Necromancy magic.
You cannot study or cast Alchemy magic.
You are somewhat unskilled. (-1 Apt)
You reflexively headbutt those who attack you in melee.
You cannot voluntarily change form.


Message History

There is an open door, spattered with blood here.
You see here a yak corpse.
You hit the yak but do no damage. You headbutt the yak! You slash the yak!
You freeze the yak. The yak closely misses you. The yak gores you!
* * * LOW HITPOINT WARNING * * *
You slash the yak! You freeze the yak. You slash the yak! You freeze the yak.
The yak barely misses you. You furiously retaliate!
You headbutt the yak! The yak misses you.
You slice the yak!! You freeze the yak.
You kill the yak!
You slash the yak! You freeze the yak.
You kill the yak!
You see here a yak corpse.
You open the door. You open the door.
There is an open door here.
As you open the door, it creaks loudly!
A gargoyle comes into view. It is wielding a +0 morningstar.
Found 13 gold pieces.
The gargoyle hurls a stone arrow at you.
The stone arrow hits you!!
* * * LOW HITPOINT WARNING * * *
There is an open door, spattered with blood here.
You hit the gargoyle but do no damage.
You headbutt the gargoyle, but do no damage.
The gargoyle hurls a stone arrow at you.
The stone arrow hits you!
* * * LOW HITPOINT WARNING * * *
You hit the gargoyle. You freeze the gargoyle.
A shadow comes into view.
The gargoyle hurls a stone arrow at you.
The stone arrow misses you.
You hit the gargoyle. You freeze the gargoyle.
You headbutt the gargoyle, but do no damage.
The shadow slips into darkness.
The shadow flickers and vanishes!
Deactivating autopickup; reactivate with Ctrl-A.
The gargoyle hits you with a +0 morningstar!
* * * LOW HITPOINT WARNING * * *
Okay, then.

# # ######## # ######### #......#
# ........# #......### #
........# #......'.# # ........#
#......# # ......9.###...{..# +
....$..@'.'......# #
........###......# # ##+######
#...††.# # .# #####†## # ##. #.#
# #.. #.# # #.# #.# # ####
#.#############.########
...#######†#.....................


You could see a gargoyle.

Vanquished Creatures
  A two-headed ogre (D:8)
  Pikel (D:6)
  2 komodo dragons
  A troll (D:9)
  A hornet (D:9)
  A shadow (D:7)
  2 wraiths (D:10)
  Eustachio (D:4)
  6 yaks (D:10)
  4 vampire mosquitoes (D:10)
  2 steam dragons
  8 water moccasins
  A sky beast (D:6)
  2 hornet zombies (D:6)
  4 black bears
  An ice beast (D:4)
  A centaur (D:9)
  2 phantoms
  2 elf zombies (Ossuary)
  3 lemures
  3 kobold brigands
  6 bullfrogs
  2 scorpions
  A water moccasin zombie (D:6)
  10 wights
  A howler monkey (D:7)
  2 bombardier beetles (D:7)
  3 jellies
  A gnoll bouda (D:4)
  A bullfrog zombie (D:6)
  5 hounds
  2 orc priests
  Crazy Yiuf (D:2)
  4 iguanas
  6 orc wizards
  A sleepcap (D:5)
  Terence (D:2)
  8 hound zombies (Ossuary)
  3 mummies
  A howler monkey zombie (D:6)
  7 gnolls
  A howler monkey skeleton (D:6)
  10 adders
  A white imp (D:5)
  4 ufetubi
  2 adder zombies (Ossuary)
  A ribbon worm (D:3)
  A dart slug (D:1)
  12 orcs
  3 bats
  9 endoplasms
  2 giant cockroaches
  6 gnoll zombies (Ossuary)
  7 goblins
  9 hobgoblins
  7 jackals
  16 kobolds
  2 quokkas
  A ball python (D:1)
  4 frilled lizards
  8 jackal zombies (Ossuary)
  5 kobold zombies (Ossuary)
  6 orc zombies (Ossuary)
  9 rats
241 creatures vanquished.

Vanquished Creatures (others)
  A hornet (D:10)
1 creature vanquished.

Grand Total: 242 creatures vanquished

Notes
Turn   | Place    | Note
-------+----------+-------------------------------------------
     0 | D:1      | iamserjio the Minotaur Monk began the quest for the Orb.
     0 | D:1      | Reached XP level 1. HP: 19/19 MP: 0/0
    78 | D:1      | Reached skill level 4 in Axes
    78 | D:1      | Reached XP level 2. HP: 17/27 MP: 1/1
   312 | D:1      | Reached XP level 3. HP: 29/33 MP: 2/2
   649 | D:2      | Noticed Terence
   744 | D:2      | Identified the +4 hand axe of Corporal Punishment {heavy,
                  | rElec rN+++ Str+3 Stlth-}
   803 | D:4      | Reached XP level 4. HP: 32/40 MP: 3/3
   840 | D:4      | Noticed Eustachio
   842 | D:4      | Reached skill level 1 in Armour
   854 | D:4      | Killed Eustachio
   855 | D:4      | Reached skill level 5 in Axes
   855 | D:4      | Reached XP level 5. HP: 42/47 MP: 4/4
   931 | D:4      | Reached skill level 5 in Fighting
   931 | D:4      | Reached skill level 6 in Axes
   931 | D:4      | Reached XP level 6. HP: 56/56 MP: 5/5
   941 | D:4      | Noticed an ice beast
   950 | D:4      | Killed an ice beast
  1201 | D:4      | You fall into a shaft and drop 1 floor!
  1201 | D:5      | Entered Level 5 of the Dungeon
  1210 | D:5      | Reached XP level 7. HP: 56/61 MP: 6/6
  1213 | D:5      | Reached skill level 5 in Dodging
  1254 | D:5      | Reached skill level 7 in Axes
  1463 | D:5      | Found a hazy altar of Hepliaklqana.
  1553 | D:5      | Found a sand-covered staircase.
  1559 | D:5      | Reached skill level 8 in Axes
  1562 | Ossuary  | Entered an ossuary
  1634 | Ossuary  | Reached XP level 8. HP: 70/70 MP: 7/7
  2046 | D:5      | Reached skill level 5 in Armour
  2429 | D:5      | Found a basalt altar of Yredelemnul.
  2429 | D:5      | Found a blossoming altar of Fedhas.
  2429 | D:5      | Found a sacrificial altar of Ru.
  2429 | D:5      | Found a burning altar of Makhleb.
  2429 | D:5      | Found a white marble altar of Elyvilon.
  2429 | D:5      | Found a basalt altar of Yredelemnul.
  2429 | D:5      | Noticed a slime creature
  2429 | D:5      | Noticed a slime creature
  2599 | D:4      | Reached skill level 9 in Axes
  2784 | D:6      | Noticed Pikel
  3138 | D:6      | Killed Pikel
  3139 | D:6      | Reached skill level 10 in Axes
  3139 | D:6      | Reached XP level 9. HP: 72/79 MP: 8/8
  3641 | D:7      | Found a staircase to the Ecumenical Temple.
  3654 | Temple   | Entered the Ecumenical Temple
  3685 | Temple   | Became a worshipper of Ru the Awakened
  3699 | Temple   | Gained mutation: You cannot voluntarily change form. [Ru
                  | sacrifice]
  3766 | D:7      | Reached skill level 11 in Axes
  4453 | D:3      | Noticed Raspi's ghost (amateur HOFi)
  4455 | D:3      | Found a transporter.
  4609 | D:3      | Found a transporter.
  5001 | D:2      | Killed Terence
  5254 | D:2      | Found a runed translucent door.
  5255 | D:2      | Noticed Crazy Yiuf
  5443 | D:2      | Killed Crazy Yiuf
  5709 | D:8      | Noticed a two-headed ogre
  5715 | D:8      | Killed a two-headed ogre
  5716 | D:8      | Reached XP level 10. HP: 90/90 MP: 9/9
  5883 | D:8      | Gained mutation: You cannot study or cast Fire magic. [Ru
                  | sacrifice]
  5883 | D:8      | Gained mutation: You cannot study or cast Alchemy magic.
                  | [Ru sacrifice]
  5883 | D:8      | Gained mutation: You cannot study or cast Necromancy magic.
                  | [Ru sacrifice]
  5883 | D:8      | Reached * piety under Ru
  5926 | D:8      | Reached skill level 12 in Axes
  6850 | D:9      | Paralysed by a hornet for 1 turns
  7152 | D:9      | Found a staircase to the Lair.
  7287 | D:9      | Found a blossoming altar of Fedhas.
  7287 | D:9      | Found a glowing golden altar of the Shining One.
  7777 | D:9      | Reached skill level 13 in Axes
  7875 | Lair:1   | Entered Level 1 of the Lair of Beasts
  7908 | D:10     | Entered Level 10 of the Dungeon
  8075 | D:10     | Gained mutation: You are somewhat unskilled. (-1 Apt) [Ru
                  | sacrifice]
  8075 | D:10     | Reduced skill Axes to level 12
  8075 | D:10     | Reached ** piety under Ru
  8081 | D:10     | Reached XP level 11. HP: 75/97 MP: 10/10
  8089 | D:10     | Noticed Lodul
  8157 | D:10     | Found a white marble altar of Elyvilon.
  8193 | D:10     | Found Xoul's Jewellery Shop.
  8319 | D:10     | Quit the game

Illustrated notes

Levels and vault maps discovered:
D:1:      grunt_arrival_crossed_arrows, layout_basic
D:2:      layout_basic, uniq_terence, uniq_crazy_yiuf_cottage
D:3:      layout_loops_corners, gammafunk_ghost_mausoleum
D:4:      layout_basic, wad_rectangle_vault, uniq_eustachio
D:5:      cheibrodos_fertilizer, layout_basic, mainiacjoe_overflow_chevrons,
          gup_ossuary_entry_pyramid
D:6:      layout_rooms, serial_undead, serial_undead_e, serial_undead_f,
          serial_undead_f, serial_undead_c, uniq_pikel
D:7:      layout_rooms, minmay_temple_entry_stoned_glass
D:8:      layout_layer_cave
D:9:      layout_cave_pods, gammafunk_temple_overflow_elements,
          due_lair_maze_entry_diamond
D:10:     layout_roguey, elyvilon_altar_5, enter_bailey_2, serial_shops, shop,
          shop, uniq_lodul, uniq_psyche
Temple:   dpeg_five_rooms_temple
Lair:1:   layout_cave_pods, grunt_megastairs_4, uniq_harold

Skill      XL: |  1  2  3  4  5  6  7  8  9 10 |
---------------+-------------------------------+-----
Axes           | 4 5 6 8 10 11 12 | 12.8
Fighting       | 4 5 6 7 8 9 |  9.4
Armour         | 2 3 4 6 7 8 |  8.5
Dodging        | 4 5 7 8 7 |  7.8

Action                     |  1- 3 |  4- 6 |  7- 9 | 10-12 || total
---------------------------+-------+-------+-------+-------++-------
  Melee: Hand axe          |    64 |    38 |   230 |    69 ||   401
         Headbutt          |    14 |    10 |    60 |    40 ||   124
         War axe           |       |       |       |    53 ||    53
 Invoke: Sacrifice Forms   |       |       |     1 |       ||     1
         Sacrifice Arcana  |       |       |       |     1 ||     1
         Sacrifice Skill   |       |       |       |     1 ||     1
  Evoke: Wand              |       |       |     7 |       ||     7
 Armour: Robe              |    12 |       |       |       ||    12
         Ring mail         |    13 |    18 |    92 |       ||   123
         Scale mail        |       |       |     4 |    62 ||    66
  Dodge: Dodged            |    39 |    26 |   206 |   107 ||   378
